 Dungeon Crawl Stone Soup version 0.30-a0-374-g95c0257040 (webtiles) character file.

Game seed: 10360482794380089470

60950 MTVSty1e the Phalangite (level 14, -3/141 HPs)
             Began as a Minotaur Fighter on Nov 26, 2022.
             Was the Champion of Okawaru.
             Slain by a death yak (8 damage)
             ... on level 5 of the Lair of Beasts.
             The game lasted 00:30:36 (21289 turns).

MTVSty1e the Phalangite (Minotaur Fighter)         Turns: 21289, Time: 00:30:36

Health: -3/141     AC: 27    Str: 25    XL:     14   Next: 58%
Magic:  16/16      EV:  9    Int:  9    God:    Okawaru [******]
Gold:   965        SH:  7    Dex: 11    Spells: 13/13 levels left

rFire   + . .      SeeInvis .    a - +1 trident
rCold   . . .      Faith    .    c - +0 buckler
rNeg    . . .      Spirit   .    G - +0 plate armour {rF+}
rPois   +          Reflect  .    m - +3 hat "Dyzops" {rElec Int+4}
rElec   +          Harm     .    r - +0 cloak
rCorr   .          Rampage  .    M - +0 pair of gloves
Will    +....                    x - +0 pair of boots
Stlth   ..........               K - amulet of magic regeneration
HPRegen 0.43/turn                b - +4 ring of protection
MPRegen 0.55/turn                C - ring of poison resistance

@: about to teleport, heroic, hasted, very quick
A: horns 2, retaliatory headbutt
a: Renounce Religion, Heroism, Finesse, Duel


You were on level 5 of the Lair of Beasts.
You worshipped Okawaru.
Okawaru was exalted by your worship.
You visited 3 branches of the dungeon, and saw 16 of its levels.
You also visited: Bailey.

You collected 1381 gold pieces.
You spent 416 gold pieces at shops.

Inventory:

Hand Weapons
 a - a +1 trident (weapon)
Armour
 c - a +0 buckler (worn)
 k - +0 swamp dragon scales
 m - the +3 hat "Dyzops" (worn) {rElec Int+4}
   (You acquired it on level 9 of the Dungeon)

   Int:       It affects your intelligence (+4).
   rElec:     It insulates you from electricity.
 r - a +0 cloak (worn)
 x - a +0 pair of boots (worn)
 y - the +5 ring mail of Stoicism {Regen+ Str-2 Slay+6}
   (Okawaru gifted it to you on level 5 of the Lair of Beasts)

   Str:       It affects your strength (-2).
   Slay:      It affects your accuracy & damage with ranged weapons and melee
   (+6).
   Regen:     It increases your rate of health regeneration.
 G - a +0 plate armour of fire resistance (worn)
 M - a +0 pair of gloves (worn)
Jewellery
 b - a +4 ring of protection (left hand)
 h - a ring of protection from fire
 j - a ring of positive energy
 l - an amulet of the acrobat
 t - a +4 ring of slaying
 C - a ring of poison resistance (right hand)
 K - an amulet of magic regeneration (around neck)
Wands
 s - a wand of iceblast (18)
 u - a wand of charming (16)
 A - a wand of polymorph (6)
 F - a wand of flame (7)
 J - a wand of mindburst (3)
 N - a wand of quicksilver (10)
Scrolls
 n - 2 scrolls of teleportation
 q - a scroll of poison
 v - a scroll of identify
 E - a scroll of summoning
 L - 2 scrolls of enchant weapon
Potions
 d - 2 potions of flight
 e - a potion of lignification {unknown}
 f - 4 potions of magic
 g - 4 potions of attraction
 i - a potion of curing
 o - 2 potions of mutation
 w - 3 potions of cancellation
 D - a potion of berserk rage
 H - 3 potions of brilliance


   Skills:
 * Level 17.7(22.7) Fighting
 * Level 22.3(27) Polearms
 + Level 7.5(12.5) Armour
 + Level 7.5(12.5) Shields
 + Level 5.2 Invocations


You had 13 spell levels left.
You didn't know any spells.
Your spell library contained the following spells:

 Spells                   Type           Power      Damage    Failure   Level
 Apportation              Tloc           0%         N/A       99%         1
 Necrotise                Necr           0%         1d4       99%         1
 Cigotuvi's Dreadful Rot  Necr/Pois/Air  0%         N/A       99%         2
 Portal Projectile        Hex/Tloc       0%         N/A       100%        3
 Dispel Undead            Necr           0%         3d6       100%        4
 Olgreb's Toxic Radiance  Pois           0%         N/A       100%        4
 Passage of Golubria      Tloc           0%         N/A       100%        4
 Blade Hands              Tmut           0%         N/A       100%        5
 Borgnjor's Vile Clutch   Necr/Erth      0%         N/A       100%        5
 Silence                  Hex/Air        0%         N/A       100%        5
 Yara's Violent Unravell  Hex/Tmut       0%         3d3       100%        5
 Ozocubu's Refrigeration  Ice            0%         4d7       100%        7
 Ignition                 Fire           0%         3d3       100%        8
 Lehudib's Crystal Spear  Conj/Erth      0%         10d2      100%        8
 Summon Small Mammal      Summ           Unusable   N/A       N/A         1
 Tukima's Dance           Hex            Unusable   N/A       N/A         3
 Animate Dead             Necr           Unusable   N/A       N/A         4
 Death Channel            Necr           Unusable   N/A       N/A         6

Dungeon Overview and Level Annotations

Branches:
Dungeon (10/15)            Temple (1/1) D:7            Lair (5/5) D:9
  Swamp (0/4) Lair:3        Snake (0/4) Lair:3        Slime (0/5) Lair:4
    Orc (0/2) D:10         Bailey (visited)

Altars:
Ashenzari
Cheibriados
Dithmenos
Elyvilon
Fedhas
Gozag
Hepliaklqana
Kikubaaqudgha
Makhleb
Nemelex Xobeh
Okawaru
Qazlal
Ru
Sif Muna
Trog
Uskayaw
Vehumet
Wu Jian
Xom
Yredelemnul
Zin
The Shining One
Jiyva

Shops:
D:8 [


Innate Abilities, Weirdness & Mutations

You have a pair of horns on your head.
You reflexively headbutt those who attack you in melee.


Message History

You block the death yak's attack. The death yak gores you.
* * * LOW HITPOINT WARNING * * *
You impale the death yak!!
You headbutt the death yak, but do no damage.
The death yak is severely wounded.
You hit the death yak but do no damage.
The death yak is severely wounded.
The death yak gores you but does no damage.
The death yak misses you.
You hit the death yak but do no damage.
The death yak is severely wounded.
You impale the death yak!!
You kill the death yak!
Okawaru accepts your kill. You block the death yak's attack.
You impale the death yak!!
The death yak is moderately wounded.
You block the death yak's attack. The death yak gores you!
* * * LOW HITPOINT WARNING * * *
You hit the death yak.
You headbutt the death yak, but do no damage.
The death yak is moderately wounded.
As you read the scroll of teleportation, it crumbles to dust.
You feel strangely unstable. The death yak gores you.
* * * LOW HITPOINT WARNING * * *
The death yak gores you!
* * * LOW HITPOINT WARNING * * *
You feel yourself speed up. You block the death yak's attack.
The death yak gores you but does no damage.
You impale the death yak!!
The death yak is moderately wounded.
The death yak gores you but does no damage.
You block the death yak's attack.
You hit the death yak.
You headbutt the death yak, but do no damage.
The death yak is moderately wounded.
You hit the death yak but do no damage.
The death yak is moderately wounded.
You block the death yak's attack. The death yak gores you!
You die...

..#.##............####.
#.#....°☼°°○○....##...
##.....○○○§.§....#.....
.......○°.☼.☼☼.......#.
.......°☼...☼§.......#♣
##.....°°○☼○○........#
#..###..§..§§§.......#
## ##Y°.°.☼§.......#
#@#.............#
##Y..☼☼○§.......#
##§☼.°§........#
.#☼§§§........# #.
☼°☼○○##.....# ..
.°§)....P...# P..
Y.°§○...##### ...
Y.§§○#.. .... .Y...#.(


You could see 2 death yaks.

Vanquished Creatures
  A fire dragon (Lair:5)
  6 hydras
  2 two-headed ogres
  21 death yaks
  Urug (Lair:5)
  Sonja (Lair:1)
  Amaemon (Lair:2)
  A swamp dragon (Lair:5)
  Pikel (D:7)
  An ugly thing (D:10)
  A wolf spider (Lair:5)
  24 elephants
  2 molten gargoyles (Lair:4)
  2 torpor snails (Lair:1)
  An orange demon (Lair:2)
  10 black mambas
  9 cane toads
  12 rime drakes
  6 komodo dragons
  A polar bear (Lair:4)
  15 blink frogs
  Grinder (D:5)
  7 dream sheep (Lair:5)
  3 wyverns
  7 basilisks
  3 wraiths (D:10)
  26 yaks
  A steam dragon (Lair:5)
  18 water moccasins
  2 acid dragons (Lair:5)
  A swamp drake (Lair:5)
  8 orc warriors
  A sky beast (D:7)
  2 ogres
  16 wolves
  18 centaurs
  A lemure (D:7)
  A kobold brigand (D:10)
  6 phantoms
  Blork the orc (D:4)
  A gnoll sergeant (D:10)
  3 elf skeletons (D:5)
  12 bullfrogs
  A wyvern zombie (D:7)
  A scorpion (D:5)
  2 water moccasin zombies (D:7)
  4 troll zombies (D:10)
  15 wights (D:7)
  3 howler monkeys (D:8)
  A bullfrog zombie (D:7)
  2 centaur zombies (D:7)
  A hound (D:6)
  5 lava snakes (Lair:4)
  A jelly (D:4)
  A gnoll bouda (D:6)
  5 orc priests
  6 iguanas
  10 orc wizards
  4 hell rats (Lair:5)
  2 human skeletons (D:5)
  A killer bee zombie (D:7)
  4 ogre zombies (D:10)
  A howler monkey zombie (D:7)
  19 gnolls
  7 river rats (Lair:5)
  5 adders
  3 ufetubi
  2 worms
  51 orcs
  4 ball pythons
  2 bats
  3 endoplasms
  2 giant cockroaches (D:3)
  9 goblins
  4 hobgoblins
  3 jackals (D:2)
  3 quokkas
  4 frilled lizards
  A goblin skeleton (D:10)
  6 goblin zombies (D:10)
  2 hobgoblin zombies (D:10)
  16 kobolds
  An orc skeleton (D:10)
  15 orc zombies
  10 rats
500 creatures vanquished.

Vanquished Creatures (others)
  49 fungi
  62 plants
  A withered plant (D:7)
112 creatures vanquished.

Grand Total: 612 creatures vanquished

Notes
Turn   | Place    | Note
-------+----------+-------------------------------------------
     0 | D:1      | MTVSty1e the Minotaur Fighter began the quest for the Orb.
     0 | D:1      | Reached XP level 1. HP: 19/19 MP: 0/0
   201 | D:1      | Reached skill level 3 in Polearms
   202 | D:1      | Reached XP level 2. HP: 21/27 MP: 1/1
   895 | D:2      | Reached XP level 3. HP: 33/33 MP: 2/2
   945 | D:2      | Reached skill level 4 in Polearms
   957 | D:2      | Reached XP level 4. HP: 14/41 MP: 3/3
  1463 | D:3      | Reached skill level 5 in Polearms
  1707 | D:3      | Found a glowing silver altar of Zin.
  1734 | D:3      | Found a white marble altar of Elyvilon.
  1734 | D:3      | Found a sparkling altar of Nemelex Xobeh.
  2221 | D:4      | Noticed a phantom
  2250 | D:4      | Killed a phantom
  2251 | D:4      | Reached skill level 5 in Fighting
  2251 | D:4      | Reached XP level 5. HP: 21/48 MP: 4/4
  2255 | D:4      | Reached skill level 6 in Polearms
  2449 | D:4      | Reached XP level 6. HP: 27/56 MP: 5/5
  2972 | D:4      | Noticed Blork the orc
  2982 | D:4      | Killed Blork the orc
  2983 | D:4      | Reached skill level 7 in Polearms
  3135 | D:4      | Found a burning altar of Makhleb.
  3357 | D:4      | Reached XP level 7. HP: 60/64 MP: 6/6
  3470 | D:5      | Entered Level 5 of the Dungeon
  3492 | D:5      | Reached skill level 8 in Polearms
  3556 | D:5      | Noticed Grinder
  3586 | D:5      | Paralysed by Grinder for 5 turns
  3598 | D:5      | Paralysed by Grinder for 3 turns
  3603 | D:5      | Killed Grinder
  3604 | D:5      | Reached skill level 9 in Polearms
  3836 | D:5      | Reached XP level 8. HP: 73/73 MP: 7/7
  4255 | D:5      | Reached skill level 10 in Polearms
  4864 | D:6      | Reached skill level 11 in Polearms
  5522 | D:6      | Reached XP level 9. HP: 60/82 MP: 8/8
  5638 | D:7      | Reached skill level 12 in Polearms
  5695 | D:7      | Found a shadowy altar of Dithmenos.
  5710 | D:7      | Found a staircase to the Ecumenical Temple.
  5865 | Temple   | Entered the Ecumenical Temple
  5919 | Temple   | Became a worshipper of Warmaster Okawaru
  6171 | D:7      | Found an ornate altar of the Wu Jian Council.
  6312 | D:7      | Reached skill level 13 in Polearms
  6415 | D:7      | Noticed Pikel
  6432 | D:7      | Reached skill level 10 in Fighting
  6445 | D:7      | Killed Pikel
  6445 | D:7      | Reached * piety under Okawaru
  6834 | D:8      | Reached skill level 14 in Polearms
  6884 | D:8      | Reached XP level 10. HP: 83/94 MP: 9/9
  7016 | D:8      | Reached ** piety under Okawaru
  7213 | D:8      | Found a shimmering blue altar of Sif Muna.
  7243 | D:8      | Found Giebaxzu's Antique Armour Emporium.
  7251 | D:8      | Bought a glowing plate armour for 416 gold pieces
  7406 | D:9      | Found a flagged portal.
  7420 | Bailey   | Entered a bailey
  7981 | Bailey   | Reached skill level 15 in Polearms
  8373 | D:9      | Acquired the +3 hat "Dyzops" {rElec Int+4}
  8520 | D:9      | Reached *** piety under Okawaru
  8569 | D:9      | Noticed a death yak
  8569 | D:9      | Noticed a two-headed ogre
  8569 | D:9      | Noticed a death yak
  8569 | D:9      | Noticed a death yak
  8590 | D:9      | Killed a two-headed ogre
  8592 | D:9      | Noticed a death yak
  8594 | D:9      | Noticed a death yak
  8595 | D:9      | Reached skill level 16 in Polearms
  8597 | D:9      | Noticed a death yak
  8599 | D:9      | Killed a death yak
  8599 | D:9      | Reached **** piety under Okawaru
  8605 | D:9      | Killed a death yak
  8606 | D:9      | Reached XP level 11. HP: 73/105 MP: 8/10
  8611 | D:9      | Killed a death yak
  8611 | D:9      | Reached ***** piety under Okawaru
  8616 | D:9      | Killed a death yak
  8621 | D:9      | Killed a death yak
  8622 | D:9      | Reached skill level 17 in Polearms
  8625 | D:9      | Killed a death yak
  8929 | D:9      | Found a blossoming altar of Fedhas.
  9337 | D:9      | Found a staircase to the Lair.
  9531 | D:10     | Entered Level 10 of the Dungeon
  9607 | D:10     | Noticed a brown ugly thing
  9623 | D:10     | Killed a brown ugly thing
  9623 | D:10     | Identified the -2 pair of gloves of the Known World {rF++
                  | Will- Int+5} (Okawaru gifted it to you on level 10 of the
                  | Dungeon)
  9623 | D:10     | Received a gift from Okawaru
  9660 | D:10     | Found a staircase to the Orcish Mines.
 10142 | D:10     | Reached skill level 18 in Polearms
 10194 | D:10     | Found a shimmering altar of Xom.
 10203 | D:10     | Found a sacrificial altar of Ru.
 10285 | D:10     | Noticed a two-headed ogre
 10291 | D:10     | Killed a two-headed ogre
 10651 | Lair:1   | Entered Level 1 of the Lair of Beasts
 10783 | Lair:1   | Reached XP level 12. HP: 60/116 MP: 11/11
 11150 | Lair:1   | Noticed Sonja
 11175 | Lair:1   | Killed Sonja
 11176 | Lair:1   | Reached skill level 19 in Polearms
 11771 | Lair:1   | Noticed a death yak
 11815 | Lair:1   | Killed a death yak
 12145 | Lair:1   | Identified the +0 cloak of Dishonesty {rElec rC- Regen+
                  | SInv} (Okawaru gifted it to you on level 1 of the Lair of
                  | Beasts)
 12145 | Lair:1   | Received a gift from Okawaru
 12395 | Lair:1   | Noticed a seven-headed hydra
 12409 | Lair:1   | Killed a seven-headed hydra
 12770 | Lair:1   | Reached skill level 20 in Polearms
 12779 | Lair:1   | Reached skill level 15 in Fighting
 12996 | Lair:1   | Found the +4 skin of Zhor {*Englaciate rC+++ SInv}
 13709 | Lair:2   | Noticed a death yak
 13709 | Lair:2   | Noticed a death yak
 13709 | Lair:2   | Noticed a death yak
 13714 | Lair:2   | Noticed a death yak
 13717 | Lair:2   | Noticed a death yak
 13719 | Lair:2   | Noticed a death yak
 13730 | Lair:2   | Killed a death yak
 13745 | Lair:2   | Killed a death yak
 13746 | Lair:2   | Reached XP level 13. HP: 59/127 MP: 12/12
 13760 | Lair:2   | Reached skill level 1 in Invocations
 13776 | Lair:2   | HP: 6/128 [death yak (19)]
 13779 | Lair:2   | HP: 2/128 [death yak (13)]
 14082 | Lair:2   | Noticed Amaemon
 14126 | Lair:2   | Killed Amaemon
 14132 | Lair:2   | Reached skill level 21 in Polearms
 14544 | Lair:2   | Reached ****** piety under Okawaru
 14881 | Lair:3   | Found a staircase to the Snake Pit.
 15258 | Lair:3   | Identified the +1 ring mail of the Lily {MP+9} (Okawaru
                  | gifted it to you on level 3 of the Lair of Beasts)
 15258 | Lair:3   | Received a gift from Okawaru
 15291 | Lair:3   | Reached skill level 5 in Armour
 15295 | Lair:3   | Reached skill level 5 in Shields
 16226 | Lair:3   | Found a staircase to the Swamp.
 17806 | Lair:4   | Found a staircase to the Slime Pits.
 17807 | Lair:4   | Found a viscous altar of Jiyva.
 18639 | Lair:5   | Entered Level 5 of the Lair of Beasts
 18650 | Lair:4   | Reached XP level 14. HP: 117/138 MP: 16/16
 19045 | Lair:5   | Noticed Urug
 19755 | Lair:5   | Killed Urug
 20069 | Lair:5   | Reached skill level 22 in Polearms
 20114 | Lair:5   | Received a gift from Okawaru
 20824 | Lair:5   | Reached skill level 5 in Invocations
 21260 | Lair:5   | Identified the +5 ring mail of Stoicism {Regen+ Str-2
                  | Slay+6} (Okawaru gifted it to you on level 5 of the Lair of
                  | Beasts)
 21260 | Lair:5   | Received a gift from Okawaru
 21285 | Lair:5   | HP: 4/141 [death yak (16)]
 21289 | Lair:5   | Slain by a death yak

Illustrated notes

Levels and vault maps discovered:
D:1:      eino_arrival_water_cross, layout_basic, patterned_corridor
D:2:      layout_loops_ring
D:3:      layout_loops_ring, mainiacjoe_overflow_divided_tiny, zin_statuary
D:4:      layout_cave_pods, lightli_temple_of_fire, uniq_blork_the_orc
D:5:      layout_basic, nicolae_ossuary_entry_catacombs, uniq_grinder
D:6:      layout_loops_cross, kennysheep_small_circle
D:7:      layout_loops_corners, mainiacjoe_overflow_alcove_2,
          nicolae_dithmenos_shadow_blocks, minmay_temple_entry_drinking_statues,
          serial_undead, serial_undead_c, serial_undead_b, serial_undead_a,
          serial_undead_d, serial_undead_c, serial_undead_a, serial_undead_b,
          minmay_misc_feat_encased, uniq_pikel
D:8:      layout_cave_pools, kennysheep_mini_moat, serial_shops,
          nicolae_shop_crystal
D:9:      layout_gridville, fedhas_bush_and_centaur_altar, dpeg_lair_monsters,
          enter_bailey_5
D:10:     layout_roguey, xom_teletrap_fun, nicolae_ru_awakened_eye,
          zombieorc2_lemuel
Temple:   hellmonk_temple_forest_ring
Lair:1:   cheibrodos_lair_river_kwai, layout_big_grid,
          hellmonk_guarded_unrand_zhor, uniq_sonja
Lair:2:   layout_roguey, uniq_amaemon
Lair:3:   layout_misc_corridors, minmay_swamp_entry_reptiles,
          minmay_snake_entry_six_corridors
Lair:4:   cheibrodos_magma_flow, layout_cave_pods, slime_entry_1,
          beast_lair_carwin_4, lemuel_fruit_fields
Lair:5:   wormcave, layout_cave_pods, guppyfry_lair_end_dragon, special_room
          [special_room_mythical_zoo], kennysheep_abandoned_house,
          grunt_megastairs_5, uniq_urug

Skill      XL: |  1  2  3  4  5  6  7  8  9 10 11 12 13 14 |
---------------+-------------------------------------------+-----
Polearms       | 3 4 5 6 7 9 11 14 16 18 20 21 22 | 22.3
Fighting       | 4 5 6 7 8 10 12 13 15 16 17 | 17.7
Shields        | 6 7 |  7.5
Invocations    | 4 5 |  5.2
Armour         | 6 7 |  7.5

Action                   |  1- 3 |  4- 6 |  7- 9 | 10-12 | 13-15 || total
-------------------------+-------+-------+-------+-------+-------++-------
Melee: Trident           |    78 |   130 |   328 |   805 |   888 ||  2229
       Headbutt          |     4 |    12 |    52 |   162 |   225 ||   455
Invok: Heroism           |       |       |       |     9 |     6 ||    15
       Finesse           |       |       |       |       |     1 ||     1
Evoke: Wand              |       |       |       |     6 |       ||     6
  Use: Potion            |       |     1 |       |     9 |     5 ||    15
       Scroll            |       |       |     9 |    15 |     8 ||    32
 Stab: Confused          |       |       |       |       |     1 ||     1
Armor: Scale mail        |     7 |       |       |       |       ||     7
       Plate armour      |    16 |   101 |   124 |   397 |   485 ||  1123
Dodge: Dodged            |    27 |    10 |    49 |   164 |   192 ||   442
Block: Buckler           |    20 |    13 |    30 |   130 |   170 ||   363

Table legend: (Time is in decaauts)
 A = Elapsed time spent in this place.
 B = Non-inter-level travel time spent in this place.
 C = Inter-level travel time spent in this place.
 D = Time resting spent in this place.
 E = Time spent auto-exploring this place.
 F = Levels seen in this place.
 G = Mean time per level.
                   A        B        C        D        E       F      G
               +--------+--------+--------+--------+--------+-----+--------+
         Total |  20699 |  20281 |    418 |   6522 |  10278 |  17 | 1217.6 |
       Dungeon |   9458 |   9133 |    325 |   1371 |   6211 |  10 |  945.8 |
        Temple |     86 |     83 |      3 |      0 |     66 |   1 |   86.0 |
          Lair |  10238 |  10149 |     89 |   4782 |   3802 |   5 | 2047.6 |
        Bailey |    914 |    914 |      0 |    369 |    199 |   1 |  914.0 |
               +--------+--------+--------+--------+--------+-----+--------+

Top non-repeatable levels by time:
  Lair:4: 2805 daAuts
  Lair:1: 2333 daAuts
  Lair:5: 1726 daAuts
  Lair:2: 1714 daAuts
  Lair:3: 1659 daAuts
     D:5: 1365 daAuts
     D:4: 1308 daAuts
     D:9: 1154 daAuts
    D:10: 1047 daAuts
     D:7: 1040 daAuts
  Bailey: 914 daAuts
     D:2: 765 daAuts
     D:6: 721 daAuts
     D:3: 715 daAuts
     D:1: 699 daAuts
